 Dungeon Crawl Stone Soup version 0.30-a0-986-g7f2e898f52 (webtiles) character file.

Game seed: 4293353790300067871

8087 Demosthentine the Fighter (level 11, -28/77 (78) HPs)
             Began as a Demonspawn Gladiator on Apr 2, 2023.
             Was a Believer of Hepliaklqana.
             Annihilated by a shadow (29 damage)
             ... on level 10 of the Dungeon.
             The game lasted 00:10:34 (10570 turns).

Demosthentine the Fighter (Demonspawn Gladiator)   Turns: 10570, Time: 00:10:35

HP:   -28/77 (78)   AC:  7    Str: 17    XL:     11   Next: 5%
MP:   0/6           EV: 18    Int:  9    God:    Hepliaklqana [**....]
Gold: 682           SH: 11    Dex: 17    Spells: 10/10 levels left

rFire   + . .      SeeInvis .    a - +1 trident
rCold   + + .      Faith    .    o - +0 buckler
rNeg    + . .      Spirit   +    v - +0 leather armour {Will+}
rPois   +          Reflect  +    c - +0 helmet
rElec   .          Rampage  .    x - +1 cloak "Woat Zai" {+Blink rPois rC++ MP-9}
rCorr   .                        (no gloves)
Will    +....                    (no boots)
Stlth   +                        n - amulet of reflection
HPRegen 0.32/turn                q - ring of positive energy
MPRegen 0.20/turn                b - ring of protection from fire

@: slowed, lightly drained, very slow
A: reduced essence, hooves 1, repulsion field 1, magic shield, magic
regeneration
a: Renounce Religion, Evoke Blink, Recall Ancestor, Ancestor Identity


You were on level 10 of the Dungeon.
You worshipped Hepliaklqana.
Hepliaklqana was pleased with you.
You visited 2 branches of the dungeon, and saw 11 of its levels.

You collected 682 gold pieces.

Inventory:

Hand Weapons
 a - a +1 trident (weapon)
Missiles
 d - a throwing net (quivered)
 e - 6 javelins
Armour
 c - a +0 helmet (worn)
 o - a +0 buckler (worn)
 v - a +0 leather armour of willpower (worn)
 x - the +1 cloak "Woat Zai" (worn) {+Blink rPois rC++ MP-9}
   (You found it on level 7 of the Dungeon)

   rC:        It greatly protects you from cold.
   rPois:     It protects you from poison.
   MP:        It affects your magic capacity (-9).
   +Blink:    It lets you blink.
Jewellery
 b - a ring of protection from fire (right hand)
 n - an amulet of reflection (around neck)
 q - a ring of positive energy (left hand)
 t - an amulet of the acrobat
 A - a ring of positive energy
Wands
 l - a wand of digging (8)
 r - a wand of mindburst (14)
 u - a wand of paralysis (2)
Scrolls
 h - a scroll of magic mapping
 j - 2 scrolls of fog
 m - 3 scrolls of fear
 s - a scroll of silence
 z - a scroll of butterflies {unknown}
Potions
 f - 6 potions of curing
 g - 2 potions of flight
 i - 2 potions of attraction
 k - 2 potions of haste
 p - a potion of brilliance
 w - a potion of ambrosia
 B - a potion of heal wounds


   Skills:
 + Level 8.7 Fighting
 + Level 8.2 Polearms
 - Level 1.7 Throwing
 - Level 6.1 Armour
 + Level 8.2 Dodging
 - Level 5.4 Shields
 + Level 6.3 Invocations


You had 10 spell levels left.
You didn't know any spells.
Your spell library contained the following spells:

 Spells                   Type           Power      Damage    Failure   Level
 Freeze                   Ice            0%         1d3       52%         1
 Kiss of Death            Conj/Necr      0%         2d5       52%         1
 Scorch                   Fire           0%         2d5       67%         2
 Confusing Touch          Hex            0%         N/A       88%         3
 Frozen Ramparts          Ice            0%         1d1       88%         3
 Hailstorm                Conj/Ice       0%         3d3       88%         3
 Ignite Poison            Fire/Tmut/Pois 0%         N/A       88%         3
 Dispel Undead            Necr           0%         3d6       99%         4
 Flame Wave               Conj/Fire      0%         2d4       99%         4
 Sticky Flame             Conj/Fire      0%         2d3       99%         4
 Summon Cactus Giant      Summ           0%         N/A       100%        6
 Ignition                 Fire           0%         3d3       100%        8


Dungeon Overview and Level Annotations

Branches:
Dungeon (10/15)            Temple (1/1) D:5            Lair (0/5) D:9
    Orc: D:9-12

Altars:
Ashenzari
Cheibriados
Dithmenos
Fedhas
Gozag
Hepliaklqana
Kikubaaqudgha
Makhleb
Nemelex Xobeh
Okawaru
Qazlal
Ru
Sif Muna
Trog
Uskayaw
Vehumet
Wu Jian
Xom
Yredelemnul

Annotations:
D:3 2 transporters, Azronical's ghost, amateur MiBe
D:4 3 runed translucent doors, Pokonic1's ghost, amateur DsMo; grumposus's ghost, amateur OpTm


Innate Abilities, Weirdness & Mutations

Your life essence is reduced to manifest your ancestor. (-10% HP)
You have large cloven feet.
You are surrounded by a mild repulsion field. (EV +2)
When hurt, damage is shared between your health and your magic reserves.
You regenerate magic rapidly.


Message History

You kick the centaur warrior zombie!
The centaur warrior zombie is lightly damaged.
You block the centaur warrior zombie's attack.
The centaur warrior zombie completely misses you.
You block the wight's attack. You block the wraith's attack.
The centaur warrior zombie hits you. The centaur warrior zombie misses you.
The wight closely misses you.
The shadow slips into darkness.
The shadow flickers and vanishes!
The wraith hits you but does no damage.
You puncture the centaur warrior zombie!
The centaur warrior zombie is moderately damaged.
The centaur warrior zombie hits you. The centaur warrior zombie misses you.
The wight misses you. The wraith hits you but does no damage.
The centaur warrior zombie closely misses you. x2
Unknown command.
Okay, then.
Okay, then.
Unknown command.
The centaur warrior zombie completely misses you.
You block the centaur warrior zombie's attack.
The centaur warrior zombie closely misses you. x2
You block the wraith's attack. The wraith attacks as you move away!
You block the wraith's attack.
The centaur warrior zombie closely misses you.
The centaur warrior zombie kicks you. The wraith attacks as you move away!
You block the wraith's attack. The wraith closely misses you.
The wraith attacks as you move away! The wraith misses you.
The wraith misses you.
The shadow strikes at you from the darkness!
* * * LOW HITPOINT WARNING * * *
Reactivating autopickup.
The wraith attacks as you move away! You block the wraith's attack.
The wraith attacks as you move away! You block the wraith's attack.
The wraith hits you.
* * * LOW HITPOINT WARNING * * *
The wraith drains your vigour!
You feel as though you will be slow longer.
The shadow strikes at you from the darkness!
You die...

...[Z.# ...##..##..#R...#
##.#######..##......#....#
.....#..##'###..#####....#
................##..#....#
................#...'....+
.....'..........#<.?#....#
........#..###.###..#....#
####.....#.#######..#....+
...#>...#..Zz.WW@...#....#
...'....#..Z.Z..W...#....#
####....#)..........#.....
........#..##.......#.....#
....##'##..##.......#
....#..........######
....#..........#
....)).........#
####.).##......#


You could see 2 wraiths, a shadow, a wight, a centaur warrior zombie, a centaur
warrior skeleton and a howler monkey skeleton.

Vanquished Creatures
  Erolcha (D:10)
  Joseph (D:9)
  2 centaur zombies (D:10)
  An unseen horror zombie (D:10)
  2 unseen horror skeletons (D:10)
  2 hornets (D:8)
  A flying skull (D:10)
  Sigmund (D:6)
  A shadow (D:10)
  2 steam dragons
  Eustachio (D:5)
  An acid dragon (D:8)
  A water moccasin (D:6)
  2 ice beasts
  3 orc warriors
  A black bear (D:7)
  2 centaurs
  2 ogres (D:5)
  2 kobold brigands
  A bullfrog (D:7)
  A gnoll sergeant (D:8)
  2 scorpions (D:4)
  14 wights
  2 killer bees (D:9)
  2 howler monkeys
  4 hounds
  A gnoll bouda (D:5)
  4 orc priests
  2 iguanas
  2 sleepcaps
  4 orc wizards
  15 gnolls
  A howler monkey skeleton (D:10)
  9 adders
  A shadow imp (D:5)
  2 white imps
  2 worms (D:2)
  2 dart slugs (D:2)
  13 orcs
  6 bats
  10 endoplasms
  3 giant cockroaches
  9 goblins
  3 hobgoblins
  5 ball pythons
  4 frilled lizards
  13 kobolds
  8 rats
174 creatures vanquished.

Vanquished Creatures (collateral kills)
  A troll (D:10)
  Prince Ribbit (D:6)
  A wraith (D:10)
  An acid dragon (D:10)
  A water moccasin (D:9)
  2 black bears
  A centaur (D:9)
  A gnoll sergeant (D:9)
  A kobold brigand (D:9)
  3 wights
  A killer bee (D:9)
  A howler monkey (D:8)
  2 centaur zombies (D:10)
  4 gnolls
  2 orcs
  2 kobolds (D:9)
25 creatures vanquished.

Vanquished Creatures (others)
  A sky beast (D:7)
  4 hexers
  An orc wizard (D:6)
  3 ancestors (D:8)
  12 plants (D:7)
  6 withered plants (D:4)
27 creatures vanquished.

Grand Total: 226 creatures vanquished

Notes
Turn   | Place    | Note
-------+----------+-------------------------------------------
     0 | D:1      | Demosthentine the Demonspawn Gladiator began the quest for
                  | the Orb.
     0 | D:1      | Reached XP level 1. HP: 16/16 MP: 1/1
   215 | D:1      | Found a faded altar of an unknown god.
   267 | D:1      | Gained mutation: You are surrounded by a mild repulsion
                  | field. (EV +2) [demonic ancestry]
   267 | D:1      | Reached XP level 2. HP: 22/22 MP: 2/2
  1047 | D:2      | Reached skill level 1 in Armour
  1047 | D:2      | Gained mutation: You have large cloven feet. [demonic
                  | ancestry]
  1047 | D:2      | Reached XP level 3. HP: 16/28 MP: 3/3
  1807 | D:2      | Reached XP level 4. HP: 25/34 MP: 4/4
  2156 | D:3      | Found a transporter.
  2161 | D:3      | Noticed Azronical's ghost (amateur MiBe)
  2186 | D:3      | Found a transporter.
  2712 | D:3      | Reached skill level 5 in Fighting
  2712 | D:3      | Reached skill level 5 in Polearms
  2712 | D:3      | Reached skill level 5 in Dodging
  2712 | D:3      | Gained mutation: You regenerate magic rapidly. [demonic
                  | ancestry]
  2712 | D:3      | Reached XP level 5. HP: 43/43 MP: 5/5
  2863 | D:4      | Reached XP level 6. HP: 41/51 MP: 6/6
  2931 | D:4      | Reached skill level 5 in Armour
  2941 | D:4      | Found a runed translucent gate.
  2941 | D:4      | Found a runed translucent gate.
  2942 | D:4      | Found a runed translucent gate.
  3037 | D:4      | Noticed grumposus's ghost (amateur OpTm)
  3037 | D:4      | Noticed Pokonic1's ghost (amateur DsMo)
  3661 | D:5      | Entered Level 5 of the Dungeon
  3745 | D:5      | Found a staircase to the Ecumenical Temple.
  3773 | D:5      | Reached XP level 7. HP: 51/58 MP: 7/7
  3785 | Temple   | Entered the Ecumenical Temple
  3972 | Temple   | Became a worshipper of Hepliaklqana the Forgotten
  4943 | D:6      | Noticed Sigmund
  4944 | D:6      | Noticed Eustachio
  4975 | D:5      | Reached XP level 8. HP: 28/65 MP: 8/8
  5121 | D:5      | Killed Eustachio
  5525 | D:6      | Killed Sigmund
  6141 | D:6      | Reached XP level 9. HP: 68/72 MP: 9/9
  6242 | D:6      | Found a sparkling altar of Nemelex Xobeh.
  6244 | D:6      | Found a stormy altar of Qazlal.
  6244 | D:6      | Found a bloodstained altar of Trog.
  6439 | D:6      | Reached * piety under Hepliaklqana
  6442 | D:6      | Noticed Prince Ribbit
  6453 | D:6      | Killed Prince Ribbit
  6454 | D:6      | Reached skill level 1 in Invocations
  6717 | D:7      | Found a blossoming altar of Fedhas.
  6885 | D:7      | Identified the +1 cloak "Woat Zai" {+Blink rPois rC++ MP-9}
  6930 | D:7      | Found a hide-covered altar of Uskayaw.
  8159 | D:8      | Gained mutation: When hurt, damage is shared between your
                  | health and your magic reserves. [demonic ancestry]
  8159 | D:8      | Reached XP level 10. HP: 64/72 MP: 3/12
  8395 | D:8      | Reached ** piety under Hepliaklqana
  8396 | D:8      | Remembered your ancestor Xiuhtonal as a hexer
  8523 | D:9      | Noticed Joseph
  8540 | D:9      | Killed Joseph
  8779 | D:9      | Found a staircase to the Lair.
  9197 | D:9      | Reached skill level 5 in Invocations
  9579 | D:10     | Entered Level 10 of the Dungeon
  9835 | D:10     | Noticed Erolcha
  9853 | D:10     | Killed Erolcha
  9854 | D:10     | Reached skill level 5 in Shields
 10242 | D:10     | Noticed a skeletal warrior
 10255 | D:10     | Noticed a skeletal warrior
 10509 | D:10     | Reached XP level 11. HP: 75/78 MP: 6/15
 10568 | D:10     | HP: 1/77 [something (25)]
 10570 | D:10     | Annihilated by a shadow

Illustrated notes

Levels and vault maps discovered:
D:1:      dpeg_arrival_rhombi, layout_loops_corners,
          hellmonk_ecumenical_altar_heavens_door
D:2:      layout_basic
D:3:      layout_loops_ring, gammafunk_ghost_arena
D:4:      layout_rooms, mainiacjoe_overflow_small_starburst,
          gammafunk_ghost_cemetery
D:5:      layout_basic, minmay_temple_entry_statues_fountains
D:6:      layout_basic, gammafunk_temple_overflow_forgotten, uniq_sigmund,
          uniq_eustachio, uniq_prince_ribbit1
D:7:      layout_gridville, lemuel_coloured_pillars_altar,
          mainiacjoe_overflow_cross_hatched
D:8:      layout_loops_ring, dk_vineyard_3
D:9:      layout_long_grid, lair_entry_dummy, uniq_joseph
D:10:     hangedman_screamer, layout_gridville, uniq_erolcha
Temple:   eino_temple_scatter_basement

Skill      XL: |  1  2  3  4  5  6  7  8  9 10 |
---------------+-------------------------------+-----
Polearms       | 3 5 6 7 8 |  8.2
Armour         | 1 4 5 6 |  6.1
Dodging        | 3 5 6 7 8 |  8.2
Fighting       | 5 6 7 8 |  8.7
Shields        | 4 5 |  5.4
Invocations    | 3 6 |  6.3
Throwing       | |  1.7

Action                     |  1- 3 |  4- 6 |  7- 9 | 10-12 || total
---------------------------+-------+-------+-------+-------++-------
  Melee: Trident           |   111 |   129 |   428 |   234 ||   902
         Kick              |    10 |    19 |   120 |    85 ||   234
         Punch             |       |     1 |     4 |     3 ||     8
  Throw: Throwing net      |       |       |     7 |       ||     7
 Invoke: Ancestor Life: He |       |       |       |     1 ||     1
    Use: Scroll            |     5 |     9 |     5 |     1 ||    20
         Potion            |       |     2 |     4 |       ||     6
   Stab: Sleeping          |     3 |     2 |     1 |       ||     6
         Held in net/web   |       |       |     5 |       ||     5
         Distracted        |       |       |     1 |     5 ||     6
         Confused          |       |       |       |     6 ||     6
 Armour: Leather armour    |    18 |    12 |    95 |    39 ||   164
  Dodge: Dodged            |    52 |    64 |   290 |   209 ||   615
  Block: Other             |       |    11 |    99 |    40 ||   150
         Reflection        |       |       |     4 |     5 ||     9
         Buckler           |       |       |       |    40 ||    40

Table legend: (Time is in decaauts)
 A = Elapsed time spent in this place.
 B = Non-inter-level travel time spent in this place.
 C = Inter-level travel time spent in this place.
 D = Time resting spent in this place.
 E = Time spent auto-exploring this place.
 F = Levels seen in this place.
 G = Mean time per level.
                   A        B        C        D        E       F      G
               +--------+--------+--------+--------+--------+-----+--------+
         Total |  10575 |  10298 |    277 |   1010 |   7382 |  11 |  961.4 |
       Dungeon |  10377 |  10101 |    276 |   1010 |   7229 |  10 | 1037.7 |
        Temple |    197 |    197 |      0 |      0 |    153 |   1 |  197.0 |
               +--------+--------+--------+--------+--------+-----+--------+

Top non-repeatable levels by time:
     D:5: 1914 daAuts
     D:9: 1090 daAuts
     D:2: 1067 daAuts
     D:1: 1022 daAuts
    D:10: 990 daAuts
     D:8: 944 daAuts
     D:7: 883 daAuts
     D:6: 871 daAuts
     D:4: 864 daAuts
     D:3: 729 daAuts
  Temple: 197 daAuts
